 Dungeon Crawl Stone Soup version 0.22-a0-322-g60b3cfd (webtiles) character file.

12 galech the Magician (level 2, 0/23 HPs)
             Began as a Gnoll Wanderer on Apr 5, 2018.
             Succumbed to an adder's poison
             ... on level 1 of the Dungeon.
             The game lasted 00:02:33 (835 turns).

galech the Magician (Gnoll Wanderer)                 Turns: 835, Time: 00:02:34

Health: 0/23       AC:  8    Str: 13    XL:     2   Next: 33%
Magic:  8/10       EV:  5    Int: 15    God:
Gold:   31         SH:  0    Dex: 14    Spells: 14/15 levels left

rFire    . . .     SeeInvis .   f - +0 dagger
rCold    + . .     Gourm    .   (no shield)
rNeg     . . .     Faith    .   m - +0 chain mail
rPois    .         Spirit   .   (no helmet)
rElec    .         Reflect  .   (no cloak)
rCorr    .         Harm     .   (no gloves)
MR       .....                  (no boots)
Stlth    ..........             (no amulet)
HPRegen  0.07/turn              n - ring of protection from cold
MPRegen  0.12/turn              (no ring)

@: lethally poisoned (0 -> -3), very slightly contaminated
A: distributed training, fangs 1, strong nose
a: no special abilities


You were on level 1 of the Dungeon.
You were not hungry.

You visited 1 branch of the dungeon, and saw 2 of its levels.

You collected 31 gold pieces.

Inventory:

Hand Weapons
 f - a +0 dagger (weapon)
Armour
 m - a +0 chain mail (worn)
Jewellery
 n - a ring of protection from cold (left hand)
Scrolls
 d - a scroll of teleportation
 e - a scroll of blinking {unknown}
 i - 3 scrolls of identify {unknown}
 l - a scroll of remove curse {unknown}
Potions
 a - a potion of heal wounds
 b - a potion of haste
 c - 2 potions of agility {unknown}
 h - a potion of brilliance {unknown}
 j - a potion of curing {unknown}
 k - a potion of flight {unknown}
Comestibles
 g - a ration


   Skills:
 + Level 2.4 Fighting
 + Level 0.3 Short Blades
 + Level 0.3 Long Blades
 + Level 0.3 Axes
 + Level 0.3 Maces & Flails
 + Level 0.3 Polearms
 + Level 0.3 Staves
 + Level 0.3 Slings
 + Level 0.3 Bows
 + Level 0.3 Crossbows
 + Level 0.3 Throwing
 + Level 0.3 Armour
 + Level 0.3 Dodging
 + Level 4.0 Stealth
 + Level 0.3 Shields
 + Level 4.4 Unarmed Combat
 + Level 7.1 Spellcasting
 + Level 2.0 Conjurations
 + Level 0.2 Hexes
 + Level 0.2 Charms
 + Level 0.2 Summonings
 + Level 0.2 Necromancy
 + Level 0.2 Translocations
 + Level 0.2 Transmutations
 + Level 0.2 Fire Magic
 + Level 0.2 Ice Magic
 + Level 2.0 Air Magic
 + Level 0.2 Earth Magic
 + Level 0.2 Poison Magic
 + Level 0.4 Invocations
 + Level 0.3 Evocations


You had 14 spell levels left.
You knew the following spells:

 Your Spells              Type           Power        Failure   Level  Hunger
a - Flame Tongue          Conj/Fire      #....        97%         1    None


Dungeon Overview and Level Annotations

Branches:
Dungeon (2/15)

Altars:
Gozag


Innate Abilities, Weirdness & Mutations

Your experience applies equally to all skills.
You have very sharp teeth.
Your uncanny sense of smell can sniff out nearby items.


Message History

* * * LOW HITPOINT WARNING * * *
* * * LOW HITPOINT WARNING * * *
You feel sick.
You barely miss the adder. The adder barely misses you.
Your magical contamination has completely faded away.
Casting: Flame Tongue (safe; 97% risk of failure)
Confirm with . or Enter, or press ? or * to list all spells.
Aiming: Flame Tongue (safe; 97% risk of failure)
Press: ? - help, Shift-Dir - straight line, f - adder
Aim: an adder You miscast Flame Tongue.
You are very lightly contaminated with residual magic.
Nothing appears to happen.
The adder bites you but does no damage. x2
Casting: Flame Tongue (safe; 97% risk of failure)
Confirm with . or Enter, or press ? or * to list all spells.
Aiming: Flame Tongue (safe; 97% risk of failure)
Press: ? - help, Shift-Dir - straight line, f/p - adder
Aim: an adder You miscast Flame Tongue.
Nothing appears to happen.
You die...

..#.....#..#####.#
##.#.#.#.##.## #.#
#.8.###.⌠.##.###.#
##.#.#.#.####.##.#
###.#.#.###.#..#.#
.###.⌠.###.8.#.#.#
#.###.###.#.#..#.#
##.###.#.####.##S#
#.⌠.###.⌠.##.###@#
##.#.###.##.## #.#
..#.....#..## #.#
#...###....#####.#
#................#
#.########.#######
......# #.#
......# #.#
......# #.#


You could see an adder.

Vanquished Creatures
  A dart slug (D:1)
  An orc (D:1)
  A ball python (D:1)
  A giant cockroach (D:1)
  2 bats (D:1)
  2 goblins (D:1)
  2 rats (D:1)
10 creatures vanquished.

Notes
Turn   | Place    | Note
-------+----------+-------------------------------------------
     0 | D:1      | galech the Gnoll Wanderer began the quest for the Orb.
     0 | D:1      | galech set off with: a potion of heal wounds, a potion of haste, a scroll of teleportation, a +0 robe, a +0 dagger, a ration
     0 | D:1      | Reached XP level 1. HP: 17/17 MP: 8/8
     2 | D:1      | Learned a level 1 spell: Flame Tongue
   444 | D:1      | Reached XP level 2. HP: 23/23 MP: 10/10
   767 | D:2      | Found an opulent altar of Gozag.
   831 | D:1      | HP: 1/23 [poisoned by an adder]
   835 | D:1      | Succumbed to an adder's poison

Vault maps used:
D:1:      minmay_arrival_four_circles, grunt_decor_mini_mirrors
D:2:      evilmike_ruin_ashenzari, nicolae_gozag_seed_capital, uniq_sigmund

Skill      XL: |  1 |
---------------+----+-----
Conjurations   | 2 |  2.0
Air Magic      | 2 |  2.0
Fighting       | |  2.4
Short Blades   | |  0.3
Long Blades    | |  0.3
Axes           | |  0.3
Maces & Flails | |  0.3
Polearms       | |  0.3
Staves         | |  0.3
Slings         | |  0.3
Bows           | |  0.3
Crossbows      | |  0.3
Throwing       | |  0.3
Armour         | |  0.3
Dodging        | |  0.3
Stealth        | |  4.0
Shields        | |  0.3
Unarmed Combat | |  4.4
Spellcasting   | |  7.1
Hexes          | |  0.2
Charms         | |  0.2
Summonings     | |  0.2
Necromancy     | |  0.2
Translocations | |  0.2
Transmutations | |  0.2
Fire Magic     | |  0.2
Ice Magic      | |  0.2
Earth Magic    | |  0.2
Poison Magic   | |  0.2
Invocations    | |  0.4
Evocations     | |  0.3

Action                   || total
-------------------------++-------
Melee: Dagger            ||    61
       Bite              ||     6
 Cast: Flame Tongue      ||     1
Armor: Robe              ||     5
       Chain mail        ||    48
Dodge: Dodged            ||    16

Table legend:
 A = Spawn XP
 B = Non-spawn XP
 C = Spawn XP percentage of total XP
 D = Spawn monster count
 E = Non-spawn monster count
 F = Spawn count percentage of total count
 G = Total turns spent on level
                    A         B        C        D         E        F      G
               +---------+---------+-------+---------+---------+-------+---------
         Total |       0 |      18 |   0.0 |       0 |      10 |   0.0 |   835
               +---------+---------+-------+---------+---------+-------+---------
           D:1 |       0 |      18 |   0.0 |       0 |      10 |   0.0 |   823
               +---------+---------+-------+---------+---------+-------+---------
